 Dungeon Crawl Stone Soup version 0.32-a0-42-ga30500b4d3 (webtiles) character file.

Game seed: 18334674887955476509

12675 Newt the Fighter (level 11, -1/114 HPs)
             Began as a Gargoyle Fighter on Feb 2, 2024.
             Was a High Priest of Okawaru.
             Slain by a manticore (10 damage)
             ... on level 10 of the Dungeon.
             The game lasted 00:11:47 (11242 turns).

Newt the Fighter (Gargoyle Fighter)                Turns: 11242, Time: 00:11:48

Health: -1/114     AC: 25    Str: 24    XL:     11   Next: 97%
Magic:  11/11      EV:  2    Int: 13    God:    Okawaru [*****.]
Gold:   339        SH:  9    Dex: 13    Spells: 10/10 levels left

rFire   . . .        t - +7 falchion of Change {freeze, rN+ Dex+6}
rCold   . . .        c - +0 buckler
rNeg    + + .        K - melded +0 troll leather armour
rPois   ∞            h - melded +2 helmet
rElec   .            (cloak currently unavailable)
rCorr   .            (gloves currently unavailable)
SInv    .            (boots currently unavailable)
Will    +....        k - amulet of reflection
Stlth   +            m - ring "Xip Neen" {Will+ EV+5 Int+4 Dex-2}
HPRegen 0.39/turn    C - +4 ring of slaying
MPRegen 0.12/turn

%: reflection
@: tree-form (expiring)
A: stationary, stasis, torment immunity, boosted hp, sickness immunity, AC +8,
negative energy resistance 1, (electricity resistance), torment resistance 1,
petrification resistance
a: Renounce Religion, Heroism, Finesse, Duel


You were on level 10 of the Dungeon.
You worshipped Okawaru.
Okawaru was extremely pleased with you.
You were a tree.
You visited 2 branches of the dungeon, and saw 11 of its levels.

You collected 489 gold pieces.
You spent 150 gold pieces at shops.

Inventory:

Hand Weapons
 a - a +0 flail
 o - a +0 flail of protection
 t - the +7 falchion of Change (weapon) {freeze, rN+ Dex+6}
   (You acquired it on level 5 of the Dungeon)

   Dex+6:     It affects your dexterity (+6).
   rN+:       It protects you from negative energy.
Missiles
 p - a throwing net
 s - 2 poisoned darts
 z - 9 boomerangs (quivered)
Armour
 b - a +0 scale mail
 c - a +0 buckler (worn)
 f - quicksilver dragon scales
 h - a +2 helmet (melded)
 K - a +0 troll leather armour (melded)
Jewellery
 k - an amulet of reflection (around neck)
 m - the ring "Xip Neen" (left branch) {Will+ EV+5 Int+4 Dex-2}
   (You bought it in a shop on level 2 of the Dungeon)

   [ring of evasion]

   EV+5:      It affects your evasion (+5).
   Int+4:     It affects your intelligence (+4).
   Dex-2:     It affects your dexterity (-2).
   Will+:     It increases your willpower.
 w - an amulet of guardian spirit
 C - a +4 ring of slaying (right branch)
 E - a ring of flight
 H - a ring of see invisible
 J - the Hermit's Pendant {Faith Invo=14 Evo=0 MP+5}
   (You found it on level 9 of the Dungeon)

   [amulet of faith]

   Invo=14: It sets your Invocations skill to 14.
   Evo=0: It sets your Evocations skill to 0.
   Faith:     It allows you to gain divine favour quickly.
   MP+5:      It affects your magic capacity (+5).
Wands
 y - a wand of polymorph (12)
 B - a wand of flame (23)
Scrolls
 d - 2 scrolls of revelation
 g - 2 scrolls of noise
 l - 2 scrolls of teleportation
 n - a scroll of poison {unknown}
 q - a scroll of vulnerability {unknown}
 v - a scroll of silence {unknown}
 D - a scroll of amnesia {unknown}
 I - 2 scrolls of immolation {unknown}
Potions
 i - a potion of lignification
 j - 2 potions of brilliance
 r - a potion of cancellation {unknown}
 u - 2 potions of magic {unknown}
 A - a potion of berserk rage {unknown}
 F - a potion of ambrosia {unknown}


   Skills:
 + Level 12.4 Fighting
 - Level 10.4 Long Blades
 - Level 4.8 Maces & Flails
 - Level 9.0 Armour
 - Level 3.2 Shields
 * Level 4.7 Evocations


You had 10 spell levels left.
You didn't know any spells.
Your spell library contained the following spells:

 Spells                   Type           Power      Damage    Failure   Level
 Mercury Vapours          Alch/Air       0%         N/A       50%         2
 Static Discharge         Conj/Air       0%         3-3/arc   50%         2
 Hailstorm                Conj/Ice       0%         3d5       73%         3
 Mephitic Cloud           Conj/Alch/Air  0%         N/A       73%         3
 Sigil of Binding         Hex            0%         N/A       73%         3
 Airstrike                Air            0%         2d(0-16)  98%         4
 Dimensional Bullseye     Hex/Tloc       0%         N/A       98%         4
 Freezing Cloud           Conj/Ice/Air   0%         6-21      100%        5
 Call Canine Familiar     Summ           Unusable   N/A       N/A         3
 Summon Ice Beast         Ice/Summ       Unusable   N/A       N/A         3
 Summon Lightning Spire   Summ/Air       Unusable   N/A       N/A         4
 Sculpt Simulacrum        Ice/Alch       Unusable   N/A       N/A         6

Dungeon Overview and Level Annotations

Branches:
Dungeon (10/15)            Temple (1/1) D:4            Lair (0/5) D:8
    Orc (0/2) D:9

Altars:
Ashenzari
Cheibriados
Dithmenos
Elyvilon
Gozag
Hepliaklqana
Kikubaaqudgha
Makhleb
Nemelex Xobeh
Okawaru
Qazlal
Ru
Sif Muna
Uskayaw
Wu Jian
Xom
Yredelemnul
Zin
The Shining One

Shops:
D:2 *   D:7 (((


Innate Abilities, Weirdness & Mutations

You are a tree.
Your roots penetrate the ground, keeping you stationary.
You cannot be teleported.
You are immune to unholy pain and torment.
Your maximum health is greatly increased.
Your equipment is partially melded.
You are immune to sickness and miasma.
((Your stone body is resilient. (AC +8)))
You are immune to poison.
You resist negative energy. (rN+)
((You are resistant to electric shocks. (rElec)))
You are resistant to unholy torment.
You are immune to petrification.


Message History

You block the manticore's attack.
The manticore claws you but does no damage. x2
The boulder beetle bites you but does no damage.
Unknown command.
As you read the scroll of fog, it dissolves into smoke.
The manticore bites you but does no damage.
The manticore claws you but does no damage. x2
The boulder beetle bites you but does no damage.
Unknown command.
You slash the boulder beetle! You freeze the boulder beetle.
The boulder beetle is heavily wounded.
The manticore bites you but does no damage.
You block the manticore's attack.
The manticore claws you but does no damage.
The boulder beetle bites you but does no damage.
Unknown command.
Unknown command.
You hit the boulder beetle but do no damage.
The boulder beetle is heavily wounded.
The manticore bites you but does no damage.
You block the manticore's attack.
The manticore claws you but does no damage.
The boulder beetle bites you but does no damage.
Unknown command.
Unknown command.
You hit the boulder beetle but do no damage.
The boulder beetle is heavily wounded.
The deep elf pyromancer gestures wildly while chanting.
The deep elf pyromancer blinks!
You block the manticore's attack. The manticore claws you!
* * * LOW HITPOINT WARNING * * *
The manticore claws you but does no damage.
You block the boulder beetle's attack.
Unknown command.
You hit the boulder beetle. You freeze the boulder beetle.
The boulder beetle is severely wounded.
The manticore bites you.
* * * LOW HITPOINT WARNING * * *
The manticore claws you!
You die...

.#...#..#...#...#..'#
.#...'..#.#...#......
.#####..#...#....#..#
........#†#....#.#...
........#...†#.#.#..##
........'..#.#.#.#...
........###..#.#§#..####
.)........###.§#B#.....
........... ###§♣#..##
........... ###HY§B#
...<)....... ###p.c..○#
...)......... #####[§
..............
^......#### .......#
.......# .......#


You could see a boulder beetle, a manticore and a yak.

Vanquished Creatures
  A tengu warrior (D:10)
  A soul eater (D:9)
  A sixfirhy (D:8)
  Joseph (D:9)
  A komodo dragon (D:8)
  A hornet (D:5)
  A troll (D:10)
  2 hellwings
  A shadow (D:10)
  23 yaks
  2 steam dragons
  Edmund (D:5)
  A chaos spawn (D:7)
  2 water moccasins
  10 orc warriors
  2 ice beasts
  2 black bears (D:8)
  An ogre (D:6)
  A phantom (D:6)
  3 centaurs
  4 bullfrogs (D:8)
  2 gnoll sergeants
  2 wyvern zombies (D:7)
  2 scorpions
  19 wights
  3 killer bees (D:9)
  2 centaur zombies (D:7)
  6 howler monkeys
  2 jellies (D:6)
  3 hounds (D:5)
  A quasit (D:8)
  14 orc priests
  4 iguanas
  6 orc wizards
  A sleepcap (D:5)
  4 killer bee zombies (D:7)
  A howler monkey zombie (D:7)
  7 gnolls
  4 adders
  A shadow imp (D:5)
  4 ufetubi
  4 dart slugs (D:1)
  43 orcs
  3 bats
  3 endoplasms
  2 giant cockroaches
  10 goblins
  8 hobgoblins
  2 jackals (D:3)
  5 quokkas
  6 ball pythons
  2 frilled lizards
  7 kobolds
  7 rats
252 creatures vanquished.

Vanquished Creatures (others)
  A rakshasa (D:10)
  A slime creature (D:10)
2 creatures vanquished.

Grand Total: 254 creatures vanquished

Notes
Turn   | Place    | Note
-------+----------+-------------------------------------------
     0 | D:1      | Newt the Gargoyle Fighter began the quest for the Orb.
     0 | D:1      | Reached XP level 1. HP: 14/14 MP: 1/1
   119 | D:1      | Reached XP level 2. HP: 18/19 MP: 2/2
   289 | D:1      | Reached XP level 3. HP: 24/24 MP: 3/3
   974 | D:2      | Reached skill level 4 in Fighting
  1044 | D:2      | Reached XP level 4. HP: 29/29 MP: 4/4
  1435 | D:2      | Found Evebixybb's Assorted Antiques.
  1575 | D:2      | Found a faded altar of an unknown god.
  1914 | D:3      | Identified a scroll of acquirement
  1914 | D:3      | Acquired an amulet of reflection
  2042 | D:3      | Reached XP level 5. HP: 34/34 MP: 5/5
  2107 | D:3      | Found a shimmering altar of Xom.
  2615 | D:2      | Bought a slimy lead ring for 125 gold pieces
  2615 | D:2      | Identified the ring "Xip Neen" {Will+ EV+5 Int+4 Dex-2}
                  | (You bought it in a shop on level 2 of the Dungeon)
  2615 | D:2      | Bought a scroll labelled CYABIPSAVER for 25 gold pieces
  2763 | D:4      | Found a staircase to the Ecumenical Temple.
  2776 | Temple   | Entered the Ecumenical Temple
  2816 | Temple   | Became a worshipper of Warmaster Okawaru
  3215 | D:5      | Entered Level 5 of the Dungeon
  3218 | D:5      | Acquired the +7 falchion of Change {freeze, rN+ Dex+6}
  3245 | D:5      | Reached XP level 6. HP: 40/40 MP: 6/6
  3263 | D:5      | Reached skill level 1 in Long Blades
  3323 | D:5      | Reached skill level 5 in Fighting
  3425 | D:5      | Noticed a hornet
  3440 | D:5      | Killed a hornet
  3441 | D:5      | Reached XP level 7. HP: 17/45 MP: 7/7
  3445 | D:5      | Reached * piety under Okawaru
  3787 | D:5      | Noticed Edmund
  3798 | D:5      | Killed Edmund
  3799 | D:5      | Reached skill level 6 in Fighting
  3925 | D:5      | Found a hazy altar of Hepliaklqana.
  4284 | D:6      | Found a glowing golden altar of the Shining One.
  4509 | D:6      | Reached XP level 8. HP: 48/52 MP: 8/8
  4697 | D:6      | Reached skill level 5 in Long Blades
  4845 | D:6      | Reached ** piety under Okawaru
  5052 | D:6      | Reached skill level 7 in Fighting
  5981 | D:6      | Reached XP level 9. HP: 15/59 MP: 9/9
  6347 | D:6      | Reached skill level 8 in Fighting
  6505 | D:7      | Reached *** piety under Okawaru
  6666 | D:7      | Found Bypsep's Weapon Shop.
  6668 | D:7      | Found Faozutau's Weapon Shop.
  6670 | D:7      | Found Vuusee's Antique Weapon Shop.
  7403 | D:8      | Reached skill level 9 in Fighting
  7493 | D:8      | Reached **** piety under Okawaru
  7501 | D:8      | Reached XP level 10. HP: 51/66 MP: 10/10
  7504 | D:8      | Found a staircase to the Lair.
  7636 | D:8      | Found a stormy altar of Qazlal.
  8349 | D:9      | Found the Hermit's Pendant {Faith Invo=14 Evo=0 MP+5}
  8349 | D:9      | Found a staircase to the Orcish Mines.
  8360 | D:8      | Reached skill level 10 in Long Blades
  8367 | D:8      | Reached ***** piety under Okawaru
  8368 | D:8      | Reached skill level 10 in Fighting
  8716 | D:9      | Noticed a sixfirhy
  9032 | D:7      | Reached skill level 5 in Armour
  9361 | D:8      | Killed a sixfirhy
  9523 | D:9      | Reached skill level 11 in Fighting
  9523 | D:9      | Reached XP level 11. HP: 74/74 MP: 11/11
  9549 | D:8      | Received a gift from Okawaru
  9668 | D:9      | Noticed a soul eater
  9701 | D:9      | Killed a soul eater
  9736 | D:9      | Noticed Joseph
  9998 | D:9      | Killed Joseph
 10528 | D:9      | Reached skill level 1 in Evocations
 10825 | D:10     | Entered Level 10 of the Dungeon
 10847 | D:9      | Reached skill level 12 in Fighting
 11177 | D:10     | Noticed a deep elf pyromancer
 11177 | D:10     | Noticed a tengu warrior
 11178 | D:10     | Noticed a rakshasa
 11178 | D:10     | Noticed a boulder beetle
 11178 | D:10     | Noticed a boulder beetle
 11184 | D:10     | Noticed a manticore
 11198 | D:10     | Identified the +6 sling of Woe {heavy, Dex+3}
 11198 | D:10     | Noticed a death knight
 11199 | D:10     | Killed a tengu warrior
 11209 | D:10     | Killed a rakshasa
 11242 | D:10     | Slain by a manticore

Illustrated notes

Levels and vault maps discovered:
D:1:      minmay_arrival_doors, layout_loops_ring
D:2:      layout_loops_ring, ebering_ecumenical_altar_abandoned, serial_shops,
          shop, dk_noncrumbling_3
D:3:      layout_loops_corners, overflow_temple_1_default, feat_on_display
D:4:      layout_rooms, minmay_temple_entry_offerings, grunt_ministairs_4
D:5:      layout_loops_cross, worldfamousw_hep_ancestral_shrine, kennysheep_nub,
          nicolae_figureground_sparkle, uniq_edmund
D:6:      layout_basic, nicolae_tso_carved_into_rock
D:7:      layout_basic, serial_undead, serial_undead_a, serial_undead_d,
          serial_undead_f, serial_undead_f, serial_undead_b, serial_undead_e,
          nicolae_shop_distant_corner_stores
D:8:      layout_loops_corners, nicolae_qazlal_general_emergency,
          due_lair_maze_entry_diamond
D:9:      layout_rooms, david_orc_5, serial_demonic, serial_demonic_c,
          serial_demonic_d, serial_demonic_a, serial_demonic_g, uniq_joseph
D:10:     minmay_the_grid_triangle_9x9_rhombus_thin_mashed
          [minmay_the_grid_triangle_9x9_from_above,
          minmay_the_grid_triangle_9x9_prize_center,
          minmay_the_grid_triangle_9x9_sparse_checkered,
          minmay_the_grid_triangle_9x9_flanged_cone], layout_irregular_city,
          nicolae_overflow_hidden_temple, fedhas_ov_isle_minmay, serial_shops,
          nicolae_shop_drivethru
Temple:   nicolae_temple_superstar

Skill      XL: |  1  2  3  4  5  6  7  8  9 10 11 |
---------------+----------------------------------+-----
Maces & Flails | 3 4 |  4.8
Fighting       | 4 5 6 7 9 11 12 | 12.4
Long Blades    | 3 4 7 9 10 | 10.4
Armour         | 6 9 |  9.0
Evocations     | 4 |  4.7
Shields        | |  3.2

Action                     |  1- 3 |  4- 6 |  7- 9 | 10-12 || total
---------------------------+-------+-------+-------+-------++-------
  Melee: Flail             |    98 |   140 |       |       ||   238
         Falchion          |       |    28 |   263 |   425 ||   716
         Unarmed           |       |       |       |     1 ||     1
  Throw: Boomerang         |       |       |     2 |     2 ||     4
 Invoke: Heroism           |       |       |       |     3 ||     3
    Use: Scroll            |     4 |     6 |       |     3 ||    13
         Potion            |     1 |     1 |       |     6 ||     8
 Armour: Scale mail        |    73 |   102 |   150 |    80 ||   405
         Skin              |       |       |       |    60 ||    60
         Quicksilver drago |       |       |       |   124 ||   124
         Troll leather arm |       |       |       |    10 ||    10
  Dodge: Dodged            |    41 |    65 |   159 |   240 ||   505
  Block: Buckler           |    13 |    60 |   139 |   217 ||   429
         Reflection        |       |     1 |       |     9 ||    10

Table legend: (Time is in decaauts)
 A = Elapsed time spent in this place.
 B = Non-inter-level travel time spent in this place.
 C = Inter-level travel time spent in this place.
 D = Time resting spent in this place.
 E = Time spent auto-exploring this place.
 F = Levels seen in this place.
 G = Mean time per level.
                   A        B        C        D        E       F      G
               +--------+--------+--------+--------+--------+-----+--------+
         Total |  11252 |  10368 |    884 |   2912 |   5653 |  11 | 1022.9 |
       Dungeon |  11171 |  10367 |    804 |   2912 |   5653 |  10 | 1117.1 |
        Temple |     80 |      1 |     79 |      0 |      0 |   1 |   80.0 |
               +--------+--------+--------+--------+--------+-----+--------+

Top non-repeatable levels by time:
     D:8: 2840 daAuts
     D:6: 2038 daAuts
     D:7: 1096 daAuts
     D:1: 985 daAuts
     D:5: 980 daAuts
     D:3: 931 daAuts
     D:2: 760 daAuts
     D:9: 743 daAuts
     D:4: 517 daAuts
    D:10: 278 daAuts
  Temple: 80 daAuts
